General information
			
			
        
        - name: Skycity
 
        - type: Custom game
 
        - host: Iceberg-Slim
 
        - saver: timg4strOK
 
        
map: TerenasStand 
        - players: 5
 
        - length: 13:38
 
        - speed: Fast
 - version: 1.22 W3XP
 - replay type:  

 
» download(63 KB)
Players
        team 1 (loser) 
              
              
» 
timg4strOK (
gray | 155 APM | 2117 actions | 13:38)
              
 4 Warden 
 2 Shadow Strike
 2 Blink
 2 Beastmaster 
 1 Summon Quilbeast
 1 Summon Hawk
 
                » actions 
                
                | Assign group hotkey | 24 |  | 
| Basic commands | 37 |  | 
| Build / train | 59 |  | 
| ESC pressed | 4 |  | 
| Enter build submenu | 15 |  | 
| Enter hero's abilities submenu | 6 |  | 
| Right click | 1064 |  | 
| Select / deselect | 207 |  | 
| Select group hotkey | 620 |  | 
| Use ability | 81 |  | 
                2117 total
 » units 
                
                | Wisp | 14 |  | 
| Archer | 7 |  | 
| Druid of the Talon | 5 |  | 
| Dryad | 6 |  | 
| Hippogryph | 1 |  | 
                33 total
 » upgrades
                
                | Improved Bows | 1 |  | 
| Druid of the Talon Training | 2 |  | 
| Abolish Magic | 1 |  | 
                4 total
 » buildings
                
                | Altar of Elders | 2 |  | 
| Moon Well | 7 |  | 
| Ancient of War | 1 |  | 
| Hunter's Hall | 1 |  | 
| Tree of Ages | 1 |  | 
| Ancient of Lore | 1 |  | 
| Ancient of Wind | 1 |  | 
| Ancient of Wonders | 1 |  | 
                15 total
 » build order
                00:06 Altar of Elders
00:22 Moon Well
00:41 Ancient of War
01:44 Moon Well
01:46 Moon Well
02:51 Hunter's Hall
03:17 Tree of Ages
03:59 Moon Well
05:49 Ancient of Lore
05:51 Ancient of Wind
06:04 Ancient of Wonders
10:05 Moon Well
10:37 Moon Well
10:37 Moon Well
12:46 Altar of Elders
» items
                
                | Dust of Appearance | 2 |  | 
| Circlet of Nobility | 1 |  | 
| Boots of Speed | 1 |  | 
| Potion of Healing | 4 |  | 
| Potion of Mana | 1 |  | 
| Moonstone | 1 |  | 
| Lesser Clarity Potion | 1 |  | 
                11 total
  
               team 2 (winner) 
              
              
» 
Mata. (
red | 156 APM | 2133 actions | 13:38)
              
 3 Blademaster 
 2 Wind Walk
 1 Critical Strike
 3 Naga Sea Witch 
 2 Frost Arrows
 1 Forked Lightning
 
                » actions 
                
                | Assign group hotkey | 143 |  | 
| Basic commands | 2 |  | 
| Build / train | 38 |  | 
| ESC pressed | 6 |  | 
| Enter build submenu | 26 |  | 
| Enter hero's abilities submenu | 6 |  | 
| Remove unit from queue | 1 |  | 
| Right click | 1103 |  | 
| Select / deselect | 509 |  | 
| Select group hotkey | 208 |  | 
| Use ability | 91 |  | 
                2133 total
 » units 
                » upgrades
                
                | Berserker Strength | 1 |  | 
| Pillage | 1 |  | 
                2 total
 » buildings
                
                | Altar of Storms | 1 |  | 
| Orc Burrow | 4 |  | 
| Barracks | 2 |  | 
| Stronghold | 1 |  | 
| Voodoo Lounge | 1 |  | 
| War Mill | 1 |  | 
| Watch Tower | 16 |  | 
                26 total
 » build order
                00:05 Altar of Storms
00:19 Orc Burrow
00:45 Barracks
01:26 Orc Burrow
02:46 Stronghold
03:41 Voodoo Lounge
04:02 War Mill
04:04 Barracks
04:07 Orc Burrow
05:35 Orc Burrow
07:06 Watch Tower
07:07 Watch Tower
07:46 Watch Tower
08:43 Watch Tower
09:22 Watch Tower
09:47 Watch Tower
10:25 Watch Tower
10:27 Watch Tower
11:30 Watch Tower
11:31 Watch Tower
11:41 Watch Tower
12:13 Watch Tower
12:44 Watch Tower
13:00 Watch Tower
13:34 Watch Tower
13:36 Watch Tower
» items
                 
               observersIceberg-Slim, 
ATOUCHOFHERLIPS, 
YEAHSHESASSBATS Chat log
          (00:11 / All) Mata.: gay my customkeys didnt work
(00:13 / All) Mata.: excuse: located
(00:30 / All) timg4strOK: wahoo
(00:33 / All) timg4strOK: g l h f
(00:52 / All) Mata.: gl
(01:34 / All) Mata.: is berg still korea?
(01:55 / All) Mata.: the lag sure feels koera
(02:58 / All) Mata.: stop pleaze
(03:04 / All) Mata.: why do you use that button so much
(03:04 / All) Mata.: or is it me?
(03:12 / All) Mata.: wow yeah
(05:10 / All) Mata.: what game is this
(05:11 / All) Mata.: of the BOs
(05:15 / All) timg4strOK: 9?
(05:19 / All) Mata.: i thought more
(05:24 / All) timg4strOK: think it was 4-4
(09:55 / All) Mata.: jeez
(13:33 / All) timg4strOK: trng to think of an excuse
(13:36 / All) timg4strOK: i aint got 1.......
(13:37 / All) timg4strOK: gg